 Dungeon Crawl Stone Soup version 0.14-a0-1876-g927fc3a (webtiles) character file.

28550 Mitsuki the Severer (level 13, 0/119 HPs)
             Began as a Lava Orc Fighter on Jan 14, 2014.
             Was a High Priest of Okawaru.
             Slain by an iron troll simulacrum (7 damage)
             ... in an ice cave.
             The game lasted 01:21:18 (13006 turns).

Mitsuki the Severer (Lava Orc Fighter)             Turns: 13006, Time: 01:21:18

HP   0/119       AC 33     Str 27      XL: 13   Next:  6%
MP   0/13        EV  8     Int  8      God: Okawaru [*****.]
Gold 793         SH  0     Dex 12      Spells:  1 memorised,  9 levels left

rFire  . . .     SeeInvis .     L - +3,-1 battleaxe
rCold  + + +     Clarity  .     G - +0 plate armour {rC+}
rNeg   . . .     Conserve .     (no shield)
rPois  .         rCorr    .     D - +0 helmet
rElec  .         rRot     .     n - +1 cloak
SustAb . .       Spirit   +     t - +2 pair of gloves {Str+3}
rMut   .         Warding  .     q - +1 pair of boots
Saprov + . .     Stasis   .     s - amulet of guardian spirit
MR     .....                    x - ring of protection from cold
                                F - ring of ice

@: invisible, very slightly contaminated, heroism, not resistant to hostile
enchantments, extremely unstealthy
A: thin skeletal structure 1, conserve scrolls, saprovore 1
a: Heroism, Finesse, Renounce Religion


You were in an ice cave.
You worshipped Okawaru.
Okawaru was extremely pleased with you.
You were not hungry.

You visited 2 branches of the dungeon, and saw 15 of its levels.
You also visited: Sewer, Bailey and Ice Cave.

You collected 793 gold pieces.

Inventory:

Hand weapons
 r - a +0 blowgun
 L - a +3,-1 battleaxe (weapon)
Missiles
 k - 71 poisoned needles
 M - 16 curare-tipped needles
Armour
 b - the +0 pair of gloves "Brydupt" {Dex+2 Int+3 Curse}
   (You acquired it on level 10 of the Dungeon)

   It affects your intelligence (+3).
   It affects your dexterity (+2).
   It may recurse itself when equipped.
 n - a +1 cloak (worn)
 q - a +1 pair of boots (worn)
 t - a +2 pair of gloves of strength (worn)
 D - a +0 helmet (worn)
 G - a +0 plate armour of cold resistance (worn)
Magical devices
 h - a wand of digging (5)
 l - a wand of flame (19)
 w - a wand of digging (8)
Comestibles
 d - 8 meat rations
 m - 6 bread rations
Scrolls
 a - 10 scrolls of remove curse
 f - 2 scrolls of enchant weapon II
 g - 6 scrolls of teleportation
 i - 3 scrolls of magic mapping
 y - a scroll of curse armour
 A - 4 scrolls of fog
 H - 2 scrolls of enchant weapon I
 J - a scroll of fear {unknown}
 V - a scroll of blinking
 W - 2 scrolls of identify
Jewellery
 c - an uncursed ring of poison resistance
 e - the ring of Cigi {+Fly Int+5 Acc+5}
   (You found it on level 14 of the Dungeon)

   [ring of flight]

   It affects your intelligence (+5).
   It affects your accuracy (+5).
 o - an uncursed ring of protection from magic
 p - an uncursed ring of regeneration
 s - an amulet of guardian spirit (around neck)
 x - a ring of protection from cold (right hand)
 C - the cursed ring "Climes" {EV-3 Str+5 Dex+5}
   (You found it on level 13 of the Dungeon)

   [ring of evasion]

   It affects your evasion (-3).
   It affects your strength (+5).
   It affects your dexterity (+5).
   It has a curse placed upon it.
 F - a ring of ice (left hand)
 K - a +4 ring of intelligence
 T - an uncursed ring of see invisible
 U - an uncursed amulet of faith
Potions
 j - a potion of invisibility


   Skills:
 + Level 12.8(17.8) Fighting
 + Level 16.8(21.8) Axes
 + Level 12.5(17.5) Armour
   Level 3.2(8.2) Shields
 * Level 5.6 Charms


You had 9 spell levels left.
You knew the following spells:

 Your Spells              Type           Power        Failure   Level  Hunger
a - Flight                Chrm/Air       #.........   100%        3    ####...


Dungeon Overview and Level Annotations

Branches:
Dungeon (14/16)            Temple (1/1) D:7             Orc (0/4) D:10
   Lair (0/8) D:10
 Vaults: D:14-15

Altars:
Cheibriados
Elyvilon
Kikubaaqudgha
Nemelex Xobeh
Okawaru

Annotations:
D:4 Prince Ribbit


Innate Abilities, Weirdness & Mutations

You have stony skin.
Your flesh is heat resistant.
Your flesh is vulnerable to cold.
Your heat harms attackers.
You bathe your surroundings in blazing heat.
You are too hot to use scrolls.
You are very good at protecting items from fire.
You can tolerate rotten meat.
You have a somewhat thin skeletal structure (Dex +2, Stlth).


Message History

You hit the iron troll simulacrum but do no damage.
You hit the iron troll simulacrum but do no damage.
You slash the iron troll simulacrum! The iron troll simulacrum bites you.
* * * LOW HITPOINT WARNING * * *
The iron troll simulacrum freezes you. You resist.
* * * LOW HITPOINT WARNING * * *
The iron troll simulacrum claws you but does no damage.
The iron troll simulacrum barely misses you.
Drink which item? (? for menu, Esc to quit)
Okay, then.
Evoke which item? (* to show all) (? for menu, Esc to quit)
Okay, then.
Evoke which item? (* to show all) (? for menu, Esc to quit)
Zapping:
w - a wand of digging
Press: ? - help, Shift-Dir - straight line The rock shatters into small pieces.
The iron troll simulacrum bites you.
* * * LOW HITPOINT WARNING * * *
The iron troll simulacrum freezes you! You resist.
You die...

##....#######
####.##..###
###.## .... ###
#####...## ###
#..##.# ###..#
#....## ###..##
#....## ##...##
#....# ###.#.##
###..####...ยง##
###...###.###...#
#...#@##.###...##
##..Z.###.#...##
###...##.).###
###....### ######


You could see an iron troll simulacrum.

Vanquished Creatures
  2 hydras
  The ghost of Piginabag the Thaumaturge, a powerful OpWz of Sif Muna (D:12)
  3 ice devils (IceCv)
  A centaur warrior (D:13)
  A deep elf knight (Bailey)
  3 unseen horrors
  An ice statue (IceCv)
  6 hill giants
  Erolcha (D:11)
  Pikel (D:7)
  4 cyclopes
  A feature mimic (D:11)
  The ghost of Pr0man the Covered, an experienced FoFi of the Shining One (D:4)
  An anaconda simulacrum (IceCv)
  A golden dragon simulacrum (IceCv)
  The ghost of 4tharraofdagon the Firebug, an experienced TeFE of Sif Muna (D:8)
  Sonja (D:13)
  A hydra skeleton (D:14)
  5 trolls
  A shadow (D:10)
  A blink frog (D:10)
  A basilisk (D:12)
  2 blue devils (IceCv)
  2 dire elephant simulacra (IceCv)
  2 yaks (D:10)
  5 deep elf magi (Bailey)
  2 wyverns
  Grum (D:9)
  5 deep elf fighters (Bailey)
  3 hungry ghosts
  5 hippogriffs
  An iron troll simulacrum (IceCv)
  Edmund (D:5)
  2 freezing wraiths (IceCv)
  2 hydra simulacra (IceCv)
  3 wolves (D:9)
  A manticore (D:8)
  A necrophage (D:13)
  4 slaves (D:7)
  6 sky beasts
  4 orc warriors
  7 ice beasts
  6 centaurs
  9 ogres
  3 crocodiles
  Sigmund (D:7)
  Duvessa (D:4)
  2 wargs (D:10)
  3 big kobolds
  5 giant frogs
  Blork the orc (D:5)
  A brain worm (D:13)
  A cyclops zombie (D:10)
  A komodo dragon skeleton (D:9)
  A troll zombie (D:12)
  A swamp dragon simulacrum (IceCv)
  A hippogriff zombie (D:6)
  18 killer bees
  3 eyes of draining
  8 wights
  Dowan (D:4)
  5 crimson imps
  2 goliath beetles
  7 hounds
  2 jellies
  Crazy Yiuf (D:2)
  2 centaur skeletons
  4 scorpions
  A big fish (Sewer)
  2 orc priests (D:11)
  9 worker ants
  3 draconian simulacra (IceCv)
  4 quasits
  6 iguanas
  4 orc wizards
  A polar bear simulacrum (IceCv)
  4 sheep (D:13)
  A hound skeleton (D:6)
  16 gnolls
  14 adders
  2 ogre simulacra (IceCv)
  3 giant mites (D:3)
  4 white imps (IceCv)
  3 giant centipedes
  7 worms
  3 naga simulacra (IceCv)
  6 ufetubi (IceCv)
  An iguana zombie (D:7)
  2 adder zombies
  3 giant eyeballs
  9 giant geckos
  2 oozes (D:1)
  30 orcs
  2 bat zombies
  5 giant cockroaches
  6 grey rats
  22 hobgoblins
  17 jackals
  22 kobolds
  8 quokkas
  24 bats
  A giant gecko skeleton (D:4)
  7 giant newts
  10 goblins
  A hobgoblin skeleton (D:9)
  A jackal skeleton (D:4)
  An orc zombie (D:10)
  15 rats
  2 rat skeletons
  A rat zombie (D:7)
  7 ballistomycetes
480 creatures vanquished.

Vanquished Creatures (others)
  A giant mite (D:4)
  2 white imps (IceCv)
  An ufetubus (IceCv)
  A chimera (D:13)
  2 giant spores
7 creatures vanquished.

Grand Total: 487 creatures vanquished

Notes
Turn   | Place    | Note
--------------------------------------------------------------
     0 | D:1      | Mitsuki, the Lava Orc Fighter, began the quest for the Orb.
     0 | D:1      | Reached XP level 1. HP: 19/19 MP: 1/1
   203 | D:1      | Reached XP level 2. HP: 21/27 MP: 2/2
   302 | D:1      | Reached skill level 4 in Armour
   605 | D:1      | Paralysed by a potion of paralysis for 4 turns
   923 | D:2      | Reached XP level 3. HP: 30/33 MP: 3/3
  1465 | D:2      | Noticed Crazy Yiuf
  1479 | D:2      | Killed Crazy Yiuf
  1479 | D:2      | Reached XP level 4. HP: 30/40 MP: 4/4
  1971 | D:3      | Found a glowing drain.
  2011 | D:3      | Reached skill level 5 in Armour
  2014 | Sewer    | Entered a sewer
  2159 | Sewer    | Reached XP level 5. HP: 29/47 MP: 5/5
  2176 | Sewer    | Noticed a big kobold
  2193 | Sewer    | Killed a big kobold
  2224 | Sewer    | Found a white marble altar of Elyvilon.
  2558 | D:3      | Reached skill level 6 in Armour
  2558 | D:3      | Reached XP level 6. HP: 22/55 MP: 6/6
  3521 | D:4      | Reached skill level 5 in Fighting
  3567 | D:4      | Reached skill level 5 in Axes
  3620 | D:4      | Reached XP level 7. HP: 31/61 MP: 7/7
  3820 | D:4      | Gained mutation: You have a somewhat thin skeletal structure (Dex +2, Stlth). [potion of beneficial mutation]
  3906 | D:4      | Noticed Prince Ribbit
  3907 | D:4      | Noticed Duvessa
  3908 | D:4      | Noticed Dowan
  3932 | D:4      | HP: 2/61 [Prince Ribbit (12)]
  3952 | D:4      | HP: 2/61 [Dowan/puff of frost (4)]
  4320 | D:4      | Killed Duvessa
  4320 | D:4      | Reached skill level 7 in Armour
  4328 | D:4      | Killed Dowan
  4391 | D:4      | Noticed Pr0man's ghost (experienced FoFi)
  4417 | D:4      | Killed Pr0man's ghost
  4635 | D:5      | Entered Level 5 of the Dungeon
  4635 | D:5      | Noticed Blork the orc
  4643 | D:5      | Killed Blork the orc
  4643 | D:5      | Reached XP level 8. HP: 63/70 MP: 8/8
  4992 | D:5      | Reached skill level 8 in Armour
  5094 | D:5      | Noticed Edmund
  5102 | D:5      | Killed Edmund
  5861 | D:7      | Noticed Pikel
  5862 | D:7      | Found a staircase to the Ecumenical Temple.
  5876 | D:7      | Killed Pikel
  5876 | D:7      | Reached skill level 9 in Axes
  5876 | D:7      | Reached XP level 9. HP: 35/81 MP: 4/9
  5917 | Temple   | Entered the Ecumenical Temple
  5923 | Temple   | Became a worshipper of Warmaster Okawaru
  5989 | D:7      | Noticed Sigmund
  6013 | D:7      | Killed Sigmund
  6255 | D:7      | Reached skill level 10 in Axes
  6384 | D:7      | Acquired Okawaru's first power
  6678 | D:8      | Found a sparkling altar of Nemelex Xobeh.
  6881 | D:8      | Reached skill level 11 in Axes
  6905 | D:8      | Noticed 4tharraofdagon's ghost (experienced TeFE)
  6916 | D:8      | Killed 4tharraofdagon's ghost
  7298 | D:9      | Reached XP level 10. HP: 76/91 MP: 7/10
  7482 | D:9      | Noticed Grum
  7486 | D:9      | Reached skill level 12 in Axes
  7499 | D:9      | Killed Grum
  8159 | D:10     | Entered Level 10 of the Dungeon
  8159 | D:10     | Found a staircase to the Lair.
  8161 | D:10     | Noticed a hill giant
  8172 | D:10     | Reached skill level 13 in Axes
  8175 | D:10     | Reached skill level 10 in Fighting
  8180 | D:10     | Killed a hill giant
  8180 | D:10     | Reached skill level 10 in Armour
  8664 | D:10     | Reached XP level 11. HP: 101/101 MP: 11/11
  8892 | D:10     | Reached skill level 14 in Axes
  8947 | D:10     | Identified a scroll of acquirement
  8948 | D:10     | Got a pair of faintly humming gloves
  8952 | D:10     | Identified the +0 pair of gloves "Brydupt" {Dex+2 Int+3 Curse} (You acquired it on level 10 of the Dungeon)
  8980 | D:10     | Learned a level 3 spell: Flight
  9010 | D:10     | Found a staircase to the Orcish Mines.
  9254 | D:11     | Acquired Okawaru's second power
  9287 | D:11     | Killed an unseen horror
  9287 | D:11     | Reached skill level 1 in Charms
  9331 | D:11     | Paralysed by a giant eyeball for 3 turns
  9621 | D:11     | Noticed a hill giant
  9629 | D:11     | Killed a hill giant
  9690 | D:11     | Noticed Erolcha
  9710 | D:11     | Killed Erolcha
  9937 | D:11     | Noticed a hill giant
  9949 | D:11     | Killed a hill giant
  9995 | D:12     | Reached skill level 15 in Axes
 10085 | D:12     | Noticed Piginabag's ghost (powerful OpWz)
 10104 | D:12     | Killed Piginabag's ghost
 10104 | D:12     | Received a gift from Okawaru
 10279 | D:12     | Found a flagged portal.
 10282 | D:12     | Noticed a hill giant
 10292 | D:12     | Killed a hill giant
 10331 | Bailey   | Entered a bailey
 10359 | Bailey   | Reached XP level 12. HP: 108/110 MP: 12/12
 10402 | Bailey   | Received a gift from Okawaru
 10403 | Bailey   | Got a pair of fine boots {god gift}
 10407 | Bailey   | Identified the +1 pair of boots "Urezugoj" {Int+2 Acc-4} (Okawaru gifted it to you in a bailey)
 10438 | Bailey   | Noticed a deep elf knight
 10453 | Bailey   | Killed a deep elf knight
 10740 | D:12     | Noticed a hill giant
 10746 | D:12     | Killed a hill giant
 10862 | D:12     | Found a white marble altar of Elyvilon.
 10899 | D:12     | Noticed a five-headed hydra
 10925 | D:12     | Killed a 13-headed hydra
 11086 | D:13     | Noticed Sonja
 11104 | D:13     | Killed Sonja
 11258 | D:13     | Reached skill level 16 in Axes
 11421 | D:13     | Got a wavering iron ring
 11599 | D:14     | Identified the cursed ring "Climes" {EV-3 Str+5 Dex+5} (You found it on level 13 of the Dungeon)
 11622 | D:14     | Reached skill level 5 in Charms
 11637 | D:14     | Got a flickering bronze ring
 11659 | D:14     | Identified the ring of Cigi {+Fly Int+5 Acc+5} (You found it on level 14 of the Dungeon)
 11796 | D:14     | Noticed a four-headed hydra
 11813 | D:14     | Killed a 11-headed hydra
 11819 | D:14     | Found a frozen archway.
 11845 | IceCv    | Entered an ice cave
 12951 | IceCv    | Received a gift from Okawaru
 12951 | IceCv    | Reached XP level 13. HP: 104/119 MP: 9/13
 13006 | IceCv    | Slain by an iron troll simulacrum

Action                   |  1- 3 |  4- 6 |  7- 9 | 10-12 | 13-15 || total
-------------------------+-------+-------+-------+-------+-------++-------
Melee: Hand axe          |   159 |   292 |    94 |       |       ||   545
       Battleaxe         |       |       |   404 |   607 |    22 ||  1033
       Broad axe         |       |       |       |   138 |       ||   138
Invok: Heroism           |       |       |       |    10 |     1 ||    11
Evoke: Wand              |       |       |     2 |    13 |     1 ||    16
       box of beasts     |       |       |       |     1 |       ||     1
  Use: Potion            |     2 |     6 |     1 |    12 |     1 ||    22
       Scroll            |       |    10 |     7 |    14 |       ||    31
 Stab: Invisible         |       |       |       |     3 |     1 ||     4
